 Dungeon Crawl Stone Soup version 0.20.0-8-g6b59dc7 (webtiles) character file.

149 greprep the Skirmisher (level 5, -2/54 HPs)
             Began as an Ogre Skald on June 2, 2017.
             Was an Initiate of the Shining One.
             Slain by a hippogriff (8 damage)
             ... on level 3 of the Dungeon.
             The game lasted 00:06:47 (3184 turns).

greprep the Skirmisher (Ogre Skald)                 Turns: 3184, Time: 00:06:48

Health: -2/54      AC:  3    Str: 13 (16) XL:     5   Next: 31%
Magic:  8/8        EV: 10    Int: 16 (19) God:    the Shining One [......]
Gold:   202        SH:  0    Dex:  7 (8)  Spells: 3/9 levels left

rFire    . . .     SeeInvis .   i - +1 spear (pierce)
rCold    . . .     Gourm    +   (no shield)
rNeg     . . .     Faith    .   b - +0 robe
rPois    .         Spirit   .   (helmet restricted)
rElec    .         Reflect  .   (no cloak)
rCorr    .         Harm     .   (gloves unavailable)
MR       .....                  (boots unavailable)
Stlth    +.........             e - amulet of the gourmand
Regen    0.2/turn               (no ring)
MPRegen  0.2/turn               (no ring)

@: brilliant, glowing
A: unfitting armour, tough skin 1
a: Renounce Religion


You were on level 3 of the Dungeon.
You worshipped the Shining One.
The Shining One was noncommittal.
You were not hungry.

You visited 1 branch of the dungeon, and saw 4 of its levels.

You collected 202 gold pieces.

Inventory:

Hand Weapons
 i - a +1 spear of piercing (weapon)
Armour
 b - a +0 robe (worn)
Jewellery
 e - an amulet of the gourmand (around neck)
Scrolls
 a - a scroll of random uselessness {unknown}
 f - a scroll of identify {unknown}
 g - 2 scrolls of fog {unknown}
 k - 2 scrolls of teleportation {unknown}
 m - a scroll of fear {unknown}
 o - a scroll of blinking {unknown}
 t - a scroll of magic mapping {unknown}
 u - a scroll of enchant weapon {unknown}
 v - a scroll of remove curse {unknown}
Potions
 p - a potion of might {unknown}
 q - a potion of heal wounds {unknown}
Books
 c - a book of Battle

   Spells                             Type                      Level
   a - Infusion                       Charms                       1
   b - Shroud of Golubria             Charms/Translocation         2
   c - Song of Slaying                Charms                       2
   d - Spectral Weapon                Hexes/Charms                 3
   e - Regeneration                   Charms/Necromancy            3
 r - a Fen Folio

   Spells                             Type                      Level
   a - Corpse Rot                     Necromancy                   2
   b - Stone Arrow                    Conjuration/Earth            3
   c - Leda's Liquefaction            Hexes/Earth                  4
   d - Summon Forest                  Summoning/Translocation      5
   e - Hydra Form                     Transmutation                6
   f - Summon Hydra                   Summoning                    7
Comestibles
 d - 3 bread rations
 j - a meat ration
 s - 4 fruits
 w - a royal jelly


   Skills:
 * Level 4.2 Fighting
 + Level 3.2 Polearms
 + Level 3.3 Dodging
 + Level 2.6 Spellcasting
 + Level 3.0 Charms


You had 3 spell levels left.
You knew the following spells:

 Your Spells              Type           Power        Failure   Level  Hunger
a - Infusion              Chrm           ###.         1%          1    #......
b - Song of Slaying       Chrm           ###.....     1%          2    ##.....
c - Regeneration          Chrm/Necr      ###.......   3%          3    ###....


Dungeon Overview and Level Annotations

Branches:
Dungeon (4/15)
 Temple: D:4-7

Altars:
Okawaru
Trog
The Shining One


Innate Abilities, Weirdness & Mutations

You are too large for most types of armour.
You have tough skin. (AC +1)


Message History

Unknown command.
It was a potion of degeneration.
There was something very wrong with that liquid.
You feel weakened.
You feel dopey.
You feel clumsy. The hippogriff completely misses you.
The hippogriff pecks you but does no damage.
The hippogriff claws you.
* * * LOW HITPOINT WARNING * * *
It was a potion of brilliance.
You feel clever all of a sudden. The hippogriff bites you.
* * * LOW HITPOINT WARNING * * *
The hippogriff pecks you.
* * * LOW HITPOINT WARNING * * *
The hippogriff barely misses you.
It was a potion of curing.
You feel better. The hippogriff bites you!
* * * LOW HITPOINT WARNING * * *
The hippogriff pecks you but does no damage.
The hippogriff claws you!
You die...

(..........#.#
##########.#.#
#.#.#
##########.#.#
...........#.#
############.#
...........#.#
##########.#.#####
...............H@#
##########.#######
.......# #.#
..####.# #.# ..#
#.# #.# ..# #.#
#.# ..# #.# #.#
..####'###'###
.............#


You could see a hippogriff.

Vanquished Creatures
  8 adders
  2 oozes
  A worm (D:2)
  A dart slug (D:1)
  2 orcs (D:3)
  4 ball pythons
  11 bats
  2 giant cockroaches
  8 goblins
  7 hobgoblins
  7 kobolds
  A quokka (D:3)
  3 frilled lizards
  8 rats
65 creatures vanquished.

Notes
Turn   | Place    | Note
-------+----------+-------------------------------------------
     0 | D:1      | greprep the Ogre Skald began the quest for the Orb.
     0 | D:1      | Reached XP level 1. HP: 22/22 MP: 3/3
   284 | D:1      | Reached XP level 2. HP: 29/29 MP: 5/5
   957 | D:1      | Reached XP level 3. HP: 31/36 MP: 6/6
  1018 | D:1      | Learned a level 2 spell: Song of Slaying
  1347 | D:2      | Reached skill level 3 in Fighting
  1498 | D:2      | Found a glowing golden altar of the Shining One.
  1693 | D:2      | Learned a level 3 spell: Regeneration
  1713 | D:2      | Found a bloodstained altar of Trog.
  1795 | D:2      | Became a worshipper of the Shining One
  1819 | D:2      | Reached XP level 4. HP: 39/45 MP: 7/7
  2507 | D:3      | Found a faded altar of an unknown god.
  2653 | D:3      | Reached XP level 5. HP: 34/54 MP: 8/8
  2695 | D:3      | Reached skill level 4 in Fighting
  2795 | D:3      | Found an iron altar of Okawaru.
  3166 | D:4      | Noticed a hippogriff
  3184 | D:3      | Slain by a hippogriff

Skill      XL: |  1  2  3  4  5 |
---------------+----------------+-----
Fighting       | 3 4 |  4.2
Dodging        | 3 |  3.3
Charms         | 3 |  3.0
Polearms       | 3 |  3.2
Spellcasting   | |  2.6

Action                   |  1- 3 |  4- 6 || total
-------------------------+-------+-------++-------
Melee: Spear             |   155 |    87 ||   242
 Cast: Song of Slaying   |     1 |       ||     1
  Use: Potion            |       |     3 ||     3
  Eat: Chunk             |     2 |     3 ||     5
       Bread ration      |     1 |       ||     1
Armor: Robe              |    56 |    15 ||    71
Dodge: Dodged            |   112 |    39 ||   151
